 Dungeon Crawl Stone Soup version 0.30.1-9-gdf580d7c3d (webtiles) character file.

Game seed: 4594137045179090246

11748 Wiggles the Severer (level 11, -3/101 HPs)
             Began as a Minotaur Berserker on Oct 13, 2023.
             Was a High Priest of Trog.
             Killed by divine providence
             ... invoked by a meliai
              (11 damage)
             ... on level 13 of the Dungeon.
             The game lasted 00:15:34 (9497 turns).

Wiggles the Severer (Minotaur Berserker)            Turns: 9497, Time: 00:15:35

Health: -3/101     AC: 22    Str: 30    XL:     11   Next: 53%
Magic:  20/20      EV:  9    Int:  9    God:    Trog [*****.]
Gold:   145        SH: 10    Dex:  9    Spells: 10/10 levels left

rFire   + . .        b - +7 broad axe (flame)
rCold   x . .        c - +0 buckler
rNeg    . . .        p - +0 plate armour
rPois   .            v - +3 hat of Pondering {ponderous, Will+ MP+10 Int+5}
rElec   +            k - +2 cloak {rCorr}
rCorr   +            w - +0 pair of gloves
SInv    .            (no boots)
Will    +++..        x - amulet of reflection Stlth
                     y - ring of Broken Luck {Fire rElec Will++ Str+3}
HPRegen 0.36/turn    (no ring)
MPRegen 0.17/turn

%: reflection
@: lethally poisoned (-3 -> -19), slow
A: horns 2, retaliatory headbutt
a: Renounce Religion, Berserk, Trog's Hand, Brothers in Arms


You were on level 13 of the Dungeon.
You worshipped Trog.
Trog was extremely pleased with you.
You visited 1 branch of the dungeon, and saw 13 of its levels.

You collected 738 gold pieces.
You spent 593 gold pieces at shops.

Inventory:

Hand Weapons
 b - a +7 broad axe of flaming (weapon)
 u - a +3 war axe
 C - the +6 battleaxe of Terror {flame, SInv}
   (Trog gifted it to you on level 11 of the Dungeon)

   SInv:      It lets you see invisible.
Armour
 c - a +0 buckler (worn)
 k - a +2 cloak of preservation (worn)
 p - a +0 plate armour (worn)
 v - the +3 hat of Pondering (worn) {ponderous, Will+ MP+10 Int+5}
   (You took it off Gastronok on level 8 of the Dungeon)

   Int:       It affects your intelligence (+5).
   MP:        It affects your magic capacity (+10).
   Will:      It increases your willpower.
 w - a +0 pair of gloves (worn)
Jewellery
 f - a ring of magical power
 x - an amulet of reflection (around neck)
 y - the ring of Broken Luck (left hand) {Fire rElec Will++ Str+3}
   (You bought it in a shop on level 4 of the Dungeon)

   [ring of fire]

   It enhances your fire magic.
   Str:       It affects your strength (+3).
   rF:        It protects you from fire.
   rC:        It makes you vulnerable to cold.
   rElec:     It insulates you from electricity.
   Will:      It greatly increases your willpower.
 F - a ring of flight
 H - a ring of ice
 I - a ring of magical power
Wands
 q - a wand of charming (15)
 B - a wand of iceblast (8)
 E - a wand of mindburst (17)
 G - a wand of flame (12)
 J - a wand of quicksilver (8)
Scrolls
 h - 2 scrolls of poison
 j - 6 scrolls of teleportation
 l - 4 scrolls of magic mapping
 o - 2 scrolls of fog
 z - 2 scrolls of identify
 A - a scroll of blinking
Potions
 a - 3 potions of mutation
 d - a potion of flight {unknown}
 e - 3 potions of might
 g - 2 potions of haste {unknown}
 i - 7 potions of heal wounds
 m - 6 potions of curing
 n - a potion of resistance {unknown}
 r - 3 potions of invisibility
 s - 2 potions of attraction
 t - 2 potions of cancellation {unknown}
 D - 4 potions of brilliance


   Skills:
 + Level 10.6 Fighting
 + Level 15.7 Axes
 + Level 9.8 Armour
 + Level 4.3 Dodging
 + Level 1.4 Stealth
 + Level 5.7 Shields


You had 10 spell levels left.
You didn't know any spells.
Your spell library was empty.

Dungeon Overview and Level Annotations

Branches:
Dungeon (14/15)            Temple (0/1) D:5            Lair (0/5) D:10
    Orc: D:9-12      Vaults: D:13-14

Altars:
Ashenzari
Cheibriados
Elyvilon
Gozag
Kikubaaqudgha
Makhleb
Nemelex Xobeh
Qazlal
Ru
Sif Muna
Trog
Wu Jian
Yredelemnul

Shops:
D:4 =


Innate Abilities, Weirdness & Mutations

You have a pair of horns on your head.
You reflexively headbutt those who attack you in melee.


Message History

The meliai stings you but does no damage.
The vampire mosquito attacks as you move away!
The vampire mosquito barely misses you.
You feel sick.
You are no longer poisoned.
You block the vampire mosquito's attack.
The meliai hits you but does no damage.
The meliai stings you but does no damage.
The meliai attacks as you move away! The meliai hits you with a +0 hand axe.
The meliai barely misses you.
The meliai calls down the wrath of its god upon you.
Something smites you! The meliai closely misses you. The meliai stings you.
The vampire mosquito bites you but does no damage. x2
You fail to use your ability.
The meliai mumbles some strange prayers to its god against you.
Something smites you! The meliai closely misses you. You furiously retaliate!
You headbutt the meliai! The meliai stings you.
* * * LOW HITPOINT WARNING * * *
The vampire mosquito closely misses you.
You furiously retaliate!
You headbutt the vampire mosquito! The meliai completely misses you.
You block the meliai's attack. The meliai barely misses you.
You block the meliai's attack.
The vampire mosquito attacks as you move away!
You block the vampire mosquito's attack.
The meliai calls down the wrath of its god upon you.
Something smites you!
* * * LOW HITPOINT WARNING * * *
The vampire mosquito bites you!
* * * LOW HITPOINT WARNING * * *
The vampire mosquito draws strength from your injuries!
The meliai barely misses you. You block the meliai's attack.
You block the vampire mosquito's attack.
You fail to use your ability.
You block the vampire mosquito's attack.
You block the meliai's attack. The meliai stings you.
* * * LOW HITPOINT WARNING * * *
You are lethally poisoned!
The meliai poisons you!
The meliai calls down the wrath of its god upon you.
Something smites you!
You die...

######..########
................
................
#..####........# #..#
#........# #..# #........#
#..# #........#
############..####........#
........).yy@..............
.......Y...yy..............
.......####..#####..#######
....... #..# #..# .......
#..# #).# ....... #..# #..#
..Yy... #..# #.(# <......
#..# #..# .......


You could see a catoblepas, 2 vampire mosquitoes and 2 meliai.

Vanquished Creatures
  Gastronok (D:8)
  A two-headed ogre (D:9)
  A sea snake (shapeshifter) (D:13)
  Pikel (D:6)
  The ghost of turdburglar the Cutter, a novice DsMo of Kikubaaqudgha (D:8)
  The ghost of TekDriveTruck the Shield-Bearer, a novice GnFi (D:4)
  3 trolls
  A meliai (D:13)
  Grinder (D:3)
  A hornet (D:10)
  Sigmund (D:5)
  2 wyverns
  2 vampires
  2 yaks (D:10)
  11 vampire mosquitoes
  An acid dragon (D:10)
  A water moccasin (D:6)
  2 black bears
  2 orc warriors
  A sky beast (D:8)
  An ice beast (D:6)
  4 centaurs
  An ogre (D:6)
  2 kobold brigands
  4 lemures (D:6)
  A phantom (D:6)
  5 bullfrogs
  4 scorpions
  A gnoll sergeant (D:10)
  9 wights
  14 killer bees
  5 howler monkeys
  2 hounds (D:6)
  2 quasits (D:5)
  Crazy Yiuf (D:4)
  2 orc priests
  3 sleepcaps
  3 jellies
  6 iguanas
  5 orc wizards
  4 gnolls (D:10)
  6 adders
  2 shadow imps
  2 white imps
  2 ufetubi
  2 worms (D:4)
  3 dart slugs
  26 orcs
  6 endoplasms
  7 giant cockroaches
  7 goblins
  7 hobgoblins
  5 jackals
  15 kobolds
  5 quokkas
  7 ball pythons
  4 bats
  10 frilled lizards (D:2)
  6 rats
238 creatures vanquished.

Vanquished Creatures (collateral kills)
  A tengu warrior (D:13)
1 creature vanquished.

Grand Total: 239 creatures vanquished

Notes
Turn   | Place    | Note
-------+----------+-------------------------------------------
     0 | D:1      | Wiggles the Minotaur Berserker began the quest for the Orb.
     0 | D:1      | Reached XP level 1. HP: 19/19 MP: 0/0
    76 | D:1      | Reached XP level 2. HP: 13/27 MP: 1/1
    78 | D:1      | Reached skill level 4 in Axes
   434 | D:1      | Reached ** piety under Trog
   439 | D:1      | Reached XP level 3. HP: 32/33 MP: 2/2
  1352 | D:3      | Reached XP level 4. HP: 41/41 MP: 3/3
  1403 | D:3      | Noticed Grinder
  1404 | D:3      | Paralysed by Grinder for 2 turns
  1414 | D:3      | Paralysed by Grinder for 2 turns
  1417 | D:3      | Killed Grinder
  1418 | D:3      | Reached skill level 5 in Fighting
  1418 | D:3      | Reached skill level 6 in Axes
  1418 | D:3      | Reached XP level 5. HP: 43/48 MP: 4/4
  1418 | D:3      | Reached XP level 6. HP: 50/56 MP: 5/5
  1713 | D:3      | Found a faded altar of an unknown god.
  2127 | D:4      | Noticed TekDriveTruck's ghost (novice GnFi)
  2137 | D:4      | Reached skill level 1 in Stealth
  2163 | D:4      | Found a runed translucent door.
  2202 | D:4      | Reached *** piety under Trog
  2426 | D:4      | Found Cenyn's Jewellery Shop.
  2640 | D:4      | Reached skill level 7 in Axes
  2747 | D:4      | Found a runed translucent door.
  2748 | D:4      | Noticed Crazy Yiuf
  2755 | D:4      | Killed Crazy Yiuf
  2756 | D:4      | Reached XP level 7. HP: 62/62 MP: 6/6
  2823 | D:4      | Killed TekDriveTruck's ghost
  2824 | D:4      | Reached skill level 8 in Axes
  3210 | D:5      | Entered Level 5 of the Dungeon
  3243 | D:5      | Reached XP level 8. HP: 63/71 MP: 7/7
  3275 | D:5      | Reached skill level 5 in Armour
  3287 | D:5      | Found a staircase to the Ecumenical Temple.
  3332 | D:5      | Reached skill level 9 in Axes
  3371 | D:5      | Reached skill level 1 in Shields
  3706 | D:5      | Noticed Sigmund
  3722 | D:5      | Killed Sigmund
  4013 | D:6      | Reached skill level 10 in Axes
  4241 | D:6      | Noticed Pikel
  4259 | D:6      | Killed Pikel
  4260 | D:6      | Reached XP level 9. HP: 72/81 MP: 8/8
  4373 | D:6      | Reached skill level 11 in Axes
  4683 | D:6      | Reached **** piety under Trog
  4843 | D:6      | Found a white marble altar of Elyvilon.
  5177 | D:7      | Reached skill level 12 in Axes
  5519 | D:7      | Found a stormy altar of Qazlal.
  5930 | D:7      | Identified a scroll of acquirement
  5930 | D:7      | Acquired a +6 broad axe of flaming
  6212 | D:8      | Found a runed translucent gate.
  6212 | D:8      | Found a runed translucent gate.
  6212 | D:8      | Found a runed translucent gate.
  6212 | D:8      | Noticed turdburglar's ghost (novice DsMo)
  6226 | D:8      | Killed turdburglar's ghost
  6227 | D:8      | Reached XP level 10. HP: 90/90 MP: 9/9
  6289 | D:8      | Reached skill level 13 in Axes
  6414 | D:8      | Found a snail-covered altar of Cheibriados.
  6414 | D:8      | Found an opulent altar of Gozag.
  6414 | D:8      | Found a broken altar of Ashenzari.
  6463 | D:8      | Found a sparkling altar of Nemelex Xobeh.
  6464 | D:8      | Found a burning altar of Makhleb.
  6466 | D:8      | Found an ornate altar of the Wu Jian Council.
  6467 | D:8      | Found a basalt altar of Yredelemnul.
  6471 | D:8      | Found a bloodstained altar of Trog.
  6476 | D:8      | Found a sacrificial altar of Ru.
  6480 | D:8      | Found a shimmering blue altar of Sif Muna.
  6483 | D:8      | Found an ancient bone altar of Kikubaaqudgha.
  6808 | D:8      | Noticed Gastronok
  6822 | D:8      | Killed Gastronok
  6823 | D:8      | Reached skill level 14 in Axes
  7206 | D:9      | Noticed a two-headed ogre
  7210 | D:9      | Killed a two-headed ogre
  7323 | D:9      | Reached ***** piety under Trog
  7324 | D:9      | Reached skill level 10 in Fighting
  7713 | D:9      | Reached XP level 11. HP: 99/99 MP: 10/10
  7877 | D:10     | Entered Level 10 of the Dungeon
  8237 | D:4      | Bought the ring of Broken Luck {Fire rElec Will++ Str+3}
                  | for 593 gold pieces
  8606 | D:10     | Reached skill level 15 in Axes
  8885 | D:10     | Found a staircase to the Lair.
  9394 | D:11     | Identified the +6 battleaxe of Terror {flame, SInv} (Trog
                  | gifted it to you on level 11 of the Dungeon)
  9394 | D:11     | Received a gift from Trog
  9395 | D:11     | Reached skill level 5 in Shields
  9409 | D:11     | You fall into a shaft and drop 3 floors!
  9415 | D:14     | Noticed a harpy
  9419 | D:14     | a harpy changed into a sea snake
  9419 | D:14     | Noticed a sea snake (shapeshifter)
  9431 | D:13     | Killed a sea snake
  9442 | D:13     | Noticed a tengu warrior
  9449 | D:13     | Killed a tengu warrior
  9490 | D:13     | Noticed a catoblepas
  9497 | D:13     | Killed from afar by a meliai

Illustrated notes

Levels and vault maps discovered:
D:1:      zaba_arrival_water, layout_loops_cross
D:2:      layout_basic, minmay_lizard_pond
D:3:      layout_basic, ebering_ecumenical_altar_rust, uniq_grinder
D:4:      minmay_diamond_boxcup, layout_basic, hellmonk_ghost_happy_afterlife,
          serial_shops, nicolae_shop_crystal, uniq_crazy_yiuf_cottage
D:5:      layout_basic, minmay_temple_entry_waves, serial_demonic,
          serial_demonic_c, serial_demonic_a, serial_demonic_f,
          serial_demonic_b, uniq_sigmund
D:6:      layout_gridville, nicolae_elyvilon_temple_path,
          minmay_misc_feat_encased, bh_walls_and_bars, uniq_pikel
D:7:      layout_basic, nicolae_overflow_crystal_walls, kennysheep_another_room,
          minmay_misc_feat_doors
D:8:      layout_cave_pods, nicolae_overflow_hallway_of_the_gods,
          ebering_ghost_rock_garden, uniq_gastronok
D:9:      layout_loops_cross
D:10:     layout_roguey, grunt_lair_entry_orc_guard_hut,
          serial_co_window_serial, co_window_paths_b, co_window_paths_a,
          co_window_corner_a, co_window_corner_a, co_window_of_opportunity_a,
          co_window_cross_4, co_window_unsneaky_path_d, co_window_paths_c,
          co_window_broadway_a, glass_columns_a
D:11:     layout_roguey, introduction_to_nature_2
D:13:     layout_small_grid
D:14:     gammafunk_dig_for_victory, layout_cave_pools, erik_vaults_2,
          kennysheep_flooded_box

Skill      XL: |  1  2  3  4  5  6  7  8  9 10 11 |
---------------+----------------------------------+-----
Axes           | 4 6 7 8 10 12 14 15 | 15.7
Fighting       | 4 5 6 8 10 | 10.6
Dodging        | 3 4 |  4.3
Stealth        | 1 |  1.4
Armour         | 3 4 6 7 8 9 |  9.8
Shields        | 1 3 4 5 |  5.7

Action                     |  1- 3 |  4- 6 |  7- 9 | 10-12 || total
---------------------------+-------+-------+-------+-------++-------
  Melee: Hand axe          |    79 |    22 |       |       ||   101
         Headbutt          |    11 |     9 |    23 |    23 ||    66
         Punch             |     1 |       |       |     1 ||     2
         War axe           |       |    39 |   158 |       ||   197
         Broad axe         |       |       |    29 |   134 ||   163
 Invoke: Berserk           |     1 |     2 |     5 |     3 ||    11
         Brothers in Arms  |       |       |       |     1 ||     1
    Use: Scroll            |       |       |    16 |     3 ||    19
 Armour: Animal skin       |    15 |       |       |       ||    15
         Plate armour      |       |    29 |   123 |   127 ||   279
  Dodge: Dodged            |    64 |    18 |    71 |    83 ||   236
  Block: Other             |       |       |    45 |    18 ||    63
         Reflection        |       |       |     1 |     5 ||     6
         Buckler           |       |       |       |    44 ||    44
